 Dungeon Sprint DCSS version 0.31-a0-1071-gaead2f62b1 (webtiles) character file.

Game seed: 14365164578293654297

72 rocky1 the Ducker (level 4, 0/73 HPs)
             Began as an Ogre Gladiator on Nov 26, 2023.
             Succumbed to a scorpion's poison
             ... in the Dungeon (Sprint IX: "|||||||||||||||||||||||||||||").
             The game lasted 00:00:17 (36 turns).

rocky1 the Ducker (Ogre Gladiator)                    Turns: 36, Time: 00:00:18

Health: 0/73       AC:  3    Str: 20    XL:     4   Next: 25%
Magic:  4/4        EV: 11    Int:  9    God:
Gold:   0          SH:  0    Dex: 10    Spells: 3/3 levels left

rFire   . . .        a - +0 flail
rCold   . . .        (no shield)
rNeg    . . .        b - +0 robe
rPois   .            c - +0 hat
rElec   .            (no cloak)
rCorr   .            (gloves unavailable)
SInv    .            (boots unavailable)
Will    .....        (no amulet) Stlth
                     (no ring)
HPRegen 0.32/turn    (no ring)
MPRegen 0.09/turn

%: no teleportation
@: berserking (expiring), lethally poisoned (0 -> -5), very quick
A: large, unfitting armour, tough skin 1
a: no special abilities


You were in the Dungeon.
You visited 1 branch

Inventory:

Hand Weapons
 a - a +0 flail (weapon)
Missiles
 d - 3 throwing nets (quivered)
 e - a large rock
Armour
 b - a +0 robe (worn)
 c - a +0 hat (worn)
Scrolls
 k - a scroll of blinking
Potions
 f - a potion of curing
 g - a potion of heal wounds
 h - a potion of haste
 i - 2 potions of magic


   Skills:
 + Level 4.6 Fighting
 + Level 5.1 Maces & Flails
 + Level 2.8 Throwing
 + Level 5.3 Dodging
 + Level 0.2 Stealth


You had 3 spell levels left.
You didn't know any spells.
Your spell library was empty.

Dungeon Overview and Level Annotations

Branches:
Dungeon (1/1)

Altars:


Innate Abilities, Weirdness & Mutations

You are too large for most types of armour.
You have tough skin. (AC +1)


Message History

The gnoll misses you.
You closely miss the gnoll.
The gnoll is heavily wounded.
The gnoll hits you with a +0 spear!
You sock the gnoll!
You kill the gnoll!
Your Fighting skill increases to level 3!
Your Dodging skill increases to level 4!
You have reached level 2!
You barely miss the scorpion. The scorpion stings you.
You closely miss the scorpion. The scorpion stings you.
* * * LOW HITPOINT WARNING * * *
You are lethally poisoned!
The scorpion poisons you!
You hit the scorpion.
The scorpion is moderately wounded.
* * * LOW HITPOINT WARNING * * *
You feel very sick.
You thump the scorpion!
You kill the scorpion!
* * * LOW HITPOINT WARNING * * *
You feel sick.
Your Fighting skill increases to level 4!
Your Maces & Flails skill gained 2 levels and is now at level 5!
Your Dodging skill increases to level 5!
You have reached level 3!
Your experience leads to an increase in your attributes!
Increase (S)trength, (I)ntelligence, or (D)exterity?
You feel stronger. x3
You have reached level 4!
You feel sick. The gnoll misses you.
Things that are here:
a +0 spear; a gnoll corpse You sock the gnoll!
The gnoll is heavily wounded.
You feel sick. The gnoll hits you with a +0 whip!
* * * LOW HITPOINT WARNING * * *
You barely miss the gnoll.
The gnoll is heavily wounded.
You die...

▓.▓
▓'▓
▓)▓
▓)▓
▓.▓
▓.▓
▓.▓
▓'▓
▓@▓
▓g▓
▓S▓
▓5▓
▓.▓
▓+▓


You could see a gnoll, an adder and an ufetubus.

Vanquished Creatures
  A scorpion (D)
  A gnoll (D)
  A hobgoblin (D)
  2 kobolds (D)
  A bat (D)
  A frilled lizard (D)
7 creatures vanquished.

Notes
Turn   | Place    | Note
-------+----------+-------------------------------------------
     0 | D        | rocky1 the Ogre Gladiator began the quest for the Orb.
     0 | D        | Reached XP level 1. HP: 22/22 MP: 1/1
    22 | D        | Noticed a scorpion
    30 | D        | Reached XP level 2. HP: 20/31 MP: 2/2
    33 | D        | Killed a scorpion
    34 | D        | Reached skill level 5 in Maces & Flails
    34 | D        | Reached skill level 5 in Dodging
    34 | D        | Reached XP level 3. HP: 9/40 MP: 3/3
    34 | D        | Reached XP level 4. HP: 10/49 MP: 4/4
    35 | D        | HP: 1/73 [gnoll/+0 whip (7)]
    36 | D        | Succumbed to a scorpion's poison

Illustrated notes

Levels and vault maps discovered:
D:        linesprint [early_d, line_temple, items_1, d_10, items_2, lair_1,
          lair_end, items_3, orc_1, orc_end, items_4, d_15, swamp_1, shoals_1,
          snake_1, spider_1, d_20, vaults_1, items_5, swamp_end, shoals_end,
          snake_end, spider_end, vaults_end, d_27, items_6, zot_1, zot_end,
          crypt_end, forest_end, elf_end, slime_end, tomb_end, abyss_end,
          pan_hell_end]

Skill      XL: |  1  2 |
---------------+-------+-----
Dodging        | 4 5 |  5.3
Maces & Flails | 3 5 |  5.1
Fighting       | 3 4 |  4.6
Throwing       | |  2.8
Stealth        | |  0.2

Action                     |  1- 3 |  4- 6 || total
---------------------------+-------+-------++-------
  Melee: Flail             |    21 |     2 ||    23
    Use: Potion            |     1 |       ||     1
 Armour: Robe              |    13 |     1 ||    14
  Dodge: Dodged            |    12 |     1 ||    13

Table legend: (Time is in decaauts)
 A = Elapsed time spent in this place.
 B = Non-inter-level travel time spent in this place.
 C = Inter-level travel time spent in this place.
 D = Time resting spent in this place.
 E = Time spent auto-exploring this place.
 F = Levels seen in this place.
 G = Mean time per level.
                   A        B        C        D        E       F      G
               +--------+--------+--------+--------+--------+-----+--------+
         Total |     37 |     37 |      0 |      0 |      0 |   1 |   37.0 |
       Dungeon |     37 |     37 |      0 |      0 |      0 |   1 |   37.0 |
               +--------+--------+--------+--------+--------+-----+--------+

Top non-repeatable levels by time:
       D: 37 daAuts
